[Event "Cellavision Cup 2019"]
[Site "Lund"]
[Date "2019.08.03"]
[Round "6.9"]
[White "Jakobsen, Peter"]
[Black "Schneider, Stefan"]
[Result "1/2-1/2"]
[ECO "E00"]
[WhiteElo "2250"]
[BlackElo "2379"]
[Annotator "NA"]
[PlyCount "88"]
[EventDate "2019.08.02"]
[EventType "swiss"]
[EventCountry "SWE"]
[SourceTitle "playchess.com"]
[Source "ChessBase"]
[SourceQuality "1"]
[TimeControl "5400+30"]

1. d4 e6 2. c4 Bb4+ 3. Bd2 a5 4. e4 d6 5. Nf3 Nc6 6. a3 Bxd2+ 7. Qxd2 Nf6 8. Nc3 O-O 9. Bd3 e5 10. d5 Ne7 11. O-O Ng6 12. Ne2 a4 13. Bc2 Nd7 14. Ne1 Nc5 15. f3 f5 16. Ng3 Nh4 17. Nd3 Nxd3 18. Bxd3 f4 19. Nh1 Rf6 20. Rf2 Rg6 21. Bf1 Qg5 22. Qe2 Bd7 23. Rc1 b6 24. Rc2 Rf8 25. Rd2 Qh5 26. Rd3 Rg5 27. g4 Qe8 28. Bg2 h5 29. h3 Rf6 30. Rf1 b5 31. Nf2 bxc4 32. Rc3 Bb5 33. Rfc1 Nxg2 34. Kxg2 hxg4 35. hxg4 Rh6 36. Nh3 Rgg6 37. Qf2 Qb8 38. Rh1 Rh8 39. Rcc1 Ba6 40. Qc2 Qb6 41. Nf2 Rxh1 42. Rxh1 Qb5 43. Nd1 Rf6 44. Qf2 Qb8 1/2-1/2

[Event "Cellavision Cup 2019"]
[Site "Lund"]
[Date "2019.08.03"]
[Round "6.10"]
[White "Malmstig, Erik"]
[Black "Kring, Stephan"]
[Result "1-0"]
[ECO "A85"]
[WhiteElo "2357"]
[BlackElo "2064"]
[Annotator "NA"]
[PlyCount "87"]
[EventDate "2019.08.02"]
[EventType "swiss"]
[EventCountry "SWE"]
[SourceTitle "playchess.com"]
[Source "ChessBase"]
[SourceQuality "1"]
[TimeControl "5400+30"]

1. d4 f5 2. c4 Nf6 3. Nc3 g6 4. g3 Bg7 5. Bg2 O-O 6. Nh3 d6 7. d5 c6 8. Nf4 Qe8 9. h4 Na6 10. h5 e5 11. dxc6 exf4 12. cxb7 Bxb7 13. Bxb7 fxg3 14. fxg3 Nb4 15. h6 Bh8 16. a3 Rb8 17. Bf3 Nc6 18. Qxd6 Ne5 19. O-O Nxc4 20. Qd4 Nb6 21. Qh4 Qe6 22. Bg5 Rbc8 23. Rfd1 Rc4 24. Bf4 Re8 25. Rd3 Ne4 26. Nxe4 fxe4 27. Bg4 Qf6 28. Bg5 Qxb2 29. Rdd1 Qe5 30. Rab1 e3 31. Bf4 Qf6 32. Qh3 Qe7 33. Bd6 Qf7 34. Bf3 Rd4 35. Rxd4 Bxd4 36. Rd1 Qf6 37. Bb4 Qe5 38. Qh4 Bb2 39. Rd8 Kf7 40. Kg2 Qe6 41. Qf4+ Bf6 42. Rxe8 Qxe8 43. Qc7+ Qd7 44. Bd5+ 1-0

[Event "Cellavision Cup 2019"]
[Site "Lund"]
[Date "2019.08.03"]
[Round "6.11"]
[White "Andersson, Lars"]
[Black "Olund, Joar"]
[Result "0-1"]
[ECO "A45"]
[WhiteElo "1990"]
[BlackElo "2313"]
[Annotator "NA"]
[PlyCount "106"]
[EventDate "2019.08.02"]
[EventType "swiss"]
[EventCountry "SWE"]
[SourceTitle "playchess.com"]
[Source "ChessBase"]
[SourceQuality "1"]
[TimeControl "5400+30"]

1. d4 Nf6 2. Bf4 g6 3. e3 Bg7 4. Nf3 d6 5. Be2 O-O 6. O-O Nc6 7. Nc3 Nd7 8. h3 e5 9. Bg5 f6 10. Bh4 g5 11. Bg3 f5 12. dxe5 dxe5 13. Qd5+ Kh8 14. Rad1 Qe7 15. Rfe1 Nb6 16. Qd2 Be6 17. Qc1 e4 18. Nd2 Ne5 19. Nb3 c5 20. Nb5 a6 21. Na3 Rac8 22. c4 Rfd8 23. Rxd8+ Rxd8 24. Rd1 Na4 25. Rxd8+ Qxd8 26. Nb1 Nd3 27. Bxd3 Qxd3 28. Nc3 Nxc3 29. bxc3 Bxc4 30. Nxc5 Qxc3 31. Qd1 Qa1 32. Qxa1 Bxa1 33. Nxb7 Bxa2 34. Bc7 Kg8 35. Nc5 Bc4 36. g4 fxg4 37. Nxe4 gxh3 38. Nxg5 Bc3 39. Ne4 Bb4 40. Nd6 Bd5 41. Nf5 Kf7 42. e4 Bxe4 43. Nd6+ Bxd6 44. Bxd6 Ke6 45. Ba3 Kf5 46. Kh2 Kg4 47. Bd6 Bf5 48. Kg1 a5 49. Bc5 Kf3 50. Bd4 a4 51. Bc5 Ke4 52. Kh2 Kd5 53. Be7 Kc4 0-1

[Event "Cellavision Cup 2019"]
[Site "Lund"]
[Date "2019.08.03"]
[Round "6.12"]
[White "Cramling, Pia"]
[Black "Bengtsson, Siv"]
[Result "1-0"]
[ECO "A05"]
[WhiteElo "2479"]
[BlackElo "2091"]
[Annotator "ChessBase"]
[PlyCount "56"]
[EventDate "2019.08.02"]
[EventType "swiss"]
[EventCountry "SWE"]
[SourceTitle "playchess.com"]
[Source "ChessBase"]
[SourceQuality "1"]
[TimeControl "5400+30"]

1. Nf3 Nf6 2. c4 g6 3. Nc3 d5 4. cxd5 Nxd5 5. Qb3 c6 6. e4 Nb6 7. d4 Bg7 8. Be3 Be6 9. Qc2 O-O 10. h4 N8d7 11. h5 Bg4 12. hxg6 hxg6 13. Nh2 Be6 14. O-O-O f5 15. Nf3 Nf6 16. Ne5 Qe8 17. Bd3 Nfd7 18. f4 Nxe5 19. dxe5 Nc4 20. Bxc4 Bxc4 21. exf5 gxf5 22. g4 e6 23. Rdg1 Bd5 24. Rh3 b5 25. Bc5 Rf7 26. Qh2 Rd7 27. gxf5 Kf7 28. Rxg7+ Kxg7 1-0

[Event "Cellavision Cup 2019"]
[Site "Lund"]
[Date "2019.08.03"]
[Round "6.13"]
[White "Smith, Axel"]
[Black "Namini, Armin"]
[Result "1/2-1/2"]
[ECO "A16"]
[WhiteElo "2469"]
[BlackElo "2241"]
[Annotator "ChessBase"]
[PlyCount "53"]
[EventDate "2019.08.02"]
[EventType "swiss"]
[EventCountry "SWE"]
[SourceTitle "playchess.com"]
[Source "ChessBase"]
[SourceQuality "1"]
[TimeControl "5400+30"]

1. c4 Nf6 2. Nc3 c6 3. e4 d5 4. e5 d4 5. exf6 dxc3 6. bxc3 exf6 7. d4 c5 8. Nf3 Be7 9. Be2 O-O 10. O-O Qc7 11. Be3 Rd8 12. Qc2 Nc6 13. Rfd1 b6 14. h3 Na5 15. Nd2 Ba6 16. d5 g6 17. g4 Kg7 18. Qe4 Bd6 19. Rac1 h5 20. gxh5 f5 21. Qh4 f4 22. Ne4 fxe3 23. Qf6+ Kg8 24. hxg6 Qe7 25. gxf7+ Qxf7 26. Qh4 Be7 27. Qg3+ 1/2-1/2

[Event "Cellavision Cup 2019"]
[Site "Lund"]
[Date "2019.08.03"]
[Round "6.14"]
[White "Johansson, Gunnar"]
[Black "Hansen, Torbjorn Ringdal"]
[Result "0-1"]
[ECO "A30"]
[WhiteElo "2252"]
[BlackElo "2432"]
[Annotator "NA"]
[PlyCount "52"]
[EventDate "2019.08.02"]
[EventType "swiss"]
[EventCountry "SWE"]
[SourceTitle "playchess.com"]
[Source "ChessBase"]
[SourceQuality "1"]
[TimeControl "5400+30"]

1. c4 c5 2. Nf3 Nc6 3. g3 g6 4. Bg2 Bg7 5. O-O d6 6. Nc3 Bf5 7. a3 Qd7 8. Re1 Bh3 9. Bh1 h5 10. Ng5 h4 11. Nxh3 hxg3 12. hxg3 Rxh3 13. Bg2 Nf6 14. Nd5 O-O-O 15. Bxh3 Qxh3 16. Nf4 Qf5 17. Kg2 g5 18. Nd5 Rh8 19. Rh1 Rxh1 20. Qxh1 Qe4+ 21. Kg1 Qxe2 22. Ne3 Ng4 23. Nxg4 Qxg4 24. d3 Nd4 25. Qe4 Qd1+ 26. Kg2 Be5 0-1

[Event "Cellavision Cup 2019"]
[Site "Lund"]
[Date "2019.08.03"]
[Round "6.15"]
[White "Jepson, Christian"]
[Black "Berggren Torell, Harald"]
[Result "1-0"]
[ECO "B09"]
[WhiteElo "2391"]
[BlackElo "2137"]
[Annotator "NA"]
[PlyCount "153"]
[EventDate "2019.08.02"]
[EventType "swiss"]
[EventCountry "SWE"]
[SourceTitle "playchess.com"]
[Source "ChessBase"]
[SourceQuality "1"]
[TimeControl "5400+30"]

1. e4 d6 2. d4 Nf6 3. Nc3 g6 4. f4 Bg7 5. Nf3 O-O 6. Bd3 Nc6 7. e5 dxe5 8. dxe5 Nd5 9. Qe2 Ncb4 10. Nxd5 Nxd5 11. Bd2 c6 12. a3 Bf5 13. Bxf5 gxf5 14. Rd1 Qc8 15. h3 f6 16. O-O fxe5 17. Nxe5 Qe6 18. Rfe1 Bxe5 19. Qf2 Qg6 20. Rxe5 Nf6 21. Rxe7 Rad8 22. Qf3 Ne4 23. Bc3 Rxd1+ 24. Qxd1 Nxc3 25. bxc3 Re8 26. Qe2 Rxe7 27. Qxe7 b5 28. Qxa7 Qd6 29. Qd4 Qxa3 30. Qd8+ Kf7 31. Qd7+ Kg8 32. Qe6+ Kg7 33. Qe5+ Kg6 34. Kf2 Qa7+ 35. Kf3 Qd7 36. Qd4 Qe7 37. g4 Qe1 38. Qd6+ Kf7 39. Qd7+ Kg8 40. Qc8+ Kg7 41. Qc7+ Kg8 42. Qb8+ Kf7 43. Qa7+ Kg8 44. Qe3 fxg4+ 45. hxg4 Qb1 46. Qe8+ Kg7 47. Qe5+ Kg8 48. Qg5+ Kf7 49. Qf5+ Kg8 50. Qg5+ Kf7 51. Qf5+ Kg8 52. Ke2 Qh1 53. g5 Qg2+ 54. Kd3 Qf3+ 55. Kd2 c5 56. Qe6+ Kf8 57. Qf6+ Kg8 58. Qd8+ Kf7 59. Qf6+ Kg8 60. Kc1 Qe3+ 61. Kb2 b4 62. Qd8+ Kf7 63. Qf6+ Kg8 64. cxb4 cxb4 65. Qd8+ Kg7 66. Qf6+ Kg8 67. f5 Qa3+ 68. Kb1 Qa7 69. Qe6+ Kf8 70. Qd6+ Kg8 71. Qe6+ Kf8 72. Qh6+ Ke8 73. g6 Qg1+ 74. Qc1 Qa7 75. Qe1+ Kd8 76. Qh4+ Kc8 77. Qc4+ 1-0

[Event "Cellavision Cup 2019"]
[Site "Lund"]
[Date "2019.08.03"]
[Round "6.16"]
[White "Rostgaard, Tobias Valentin"]
[Black "Svensson, Mikael"]
[Result "1/2-1/2"]
[ECO "C07"]
[WhiteElo "2390"]
[BlackElo "2147"]
[Annotator "NA"]
[PlyCount "78"]
[EventDate "2019.08.02"]
[EventType "swiss"]
[EventCountry "SWE"]
[SourceTitle "playchess.com"]
[Source "ChessBase"]
[SourceQuality "1"]
[TimeControl "5400+30"]

1. e4 e6 2. d4 d5 3. Nd2 c5 4. Ngf3 cxd4 5. exd5 Qxd5 6. Bc4 Qd7 7. O-O Nc6 8. Nb3 Nf6 9. Nbxd4 Nxd4 10. Nxd4 a6 11. Re1 Bc5 12. Be3 Qc7 13. Be2 e5 14. Bf1 O-O 15. Nb3 Bg4 16. Qc1 Bd6 17. Bg5 Bf5 18. Bxf6 gxf6 19. c3 Rfd8 20. Qh6 Bg6 21. Nd2 Bf8 22. Qe3 Bc5 23. Qe2 Qb6 24. Nc4 Qe6 25. Rad1 b5 26. b4 Qxc4 27. Qxc4 bxc4 28. bxc5 Bd3 29. Bxd3 Rxd3 30. Rxd3 cxd3 31. f3 Rc8 32. Rd1 Rxc5 33. Rxd3 Rb5 34. Rd2 Rb1+ 35. Kf2 Rc1 36. Rd6 Rc2+ 37. Kg3 Rxa2 38. Rxf6 Kg7 39. Rb6 Rc2 1/2-1/2

[Event "Cellavision Cup 2019"]
[Site "Lund"]
[Date "2019.08.04"]
[Round "7.2"]
[White "Kryakvin, Dmitry"]
[Black "Hector, Jonny"]
[Result "1-0"]
[ECO "A06"]
[WhiteElo "2586"]
[BlackElo "2487"]
[Annotator "ChessBase"]
[PlyCount "103"]
[EventDate "2019.08.02"]
[EventType "swiss"]
[EventCountry "SWE"]
[SourceTitle "playchess.com"]
[Source "ChessBase"]
[SourceQuality "1"]
[TimeControl "900+5"]

1. Nf3 d5 2. e3 Nf6 3. c4 c6 4. Qc2 e6 5. b3 Bd6 6. Bb2 O-O 7. d4 Ne4 8. Be2 b6 9. O-O Bb7 10. Nbd2 f5 11. Ne5 c5 12. Rad1 cxd4 13. Bxd4 Nd7 14. Nxd7 Qxd7 15. Nf3 Qc7 16. Qb2 f4 17. Ne5 Rf5 18. exf4 Rxf4 19. g3 Rf5 20. f4 Raf8 21. Bg4 R5f6 22. cxd5 Bxd5 23. Bf3 Nc5 24. Nc4 Bxc4 25. bxc4 Rg6 26. Kh1 Be7 27. Qe2 Kh8 28. Be5 Qc8 29. Rfe1 Nd7 30. Bc3 Bf6 31. Bb4 Nc5 32. Rd6 e5 33. Bh5 Be7 34. Rd5 Rgf6 35. Rxe5 Bd6 36. Re3 Ne4 37. c5 Nxc5 38. Bc3 Rf5 39. Bg4 Qb7+ 40. Qg2 Qxg2+ 41. Kxg2 R5f7 42. Rd1 Nb7 43. Bf3 Bc5 44. Red3 Na5 45. Bh5 Rf5 46. Rd7 Rg8 47. Bf7 Rf8 48. Be6 R5f6 49. Bxf6 Rxf6 50. Rxa7 h5 51. Bf7 h4 52. Rd5 1-0

[Event "Cellavision Cup 2019"]
[Site "Lund"]
[Date "2019.08.04"]
[Round "7.3"]
[White "Kulaots, Kaido"]
[Black "Popilski, Gil"]
[Result "1/2-1/2"]
[ECO "B90"]
[WhiteElo "2560"]
[BlackElo "2467"]
[Annotator "ChessBase"]
[PlyCount "111"]
[EventDate "2019.08.02"]
[EventType "swiss"]
[EventCountry "SWE"]
[SourceTitle "playchess.com"]
[Source "ChessBase"]
[SourceQuality "1"]
[TimeControl "900+5"]

1. e4 c5 2. Nf3 d6 3. d4 cxd4 4. Nxd4 Nf6 5. Nc3 a6 6. h3 e6 7. g4 Nfd7 8. Bg2 Be7 9. Be3 Nc6 10. h4 Nde5 11. g5 O-O 12. Qe2 b5 13. f4 Nxd4 14. Bxd4 Nc6 15. Be3 Bb7 16. O-O b4 17. Na4 Re8 18. Rad1 Qc7 19. Bb6 Qc8 20. Be3 Qc7 21. h5 Rac8 22. Bb6 Qb8 23. g6 Nd8 24. Bd4 Bc6 25. Nb6 Rc7 26. Qxa6 fxg6 27. hxg6 hxg6 28. Qe2 Bf6 29. e5 Bxg2 30. Qxg2 dxe5 31. fxe5 Bxe5 32. Bxe5 Qxb6+ 33. Kh2 Rf7 34. Qxg6 Qe3 35. Rde1 Rf2+ 36. Rxf2 Qxf2+ 37. Kh3 Qf5+ 38. Qxf5 exf5 39. Bc3 Rxe1 40. Bxe1 Nc6 41. c3 bxc3 42. Bxc3 g5 43. a4 Kf7 44. a5 Ke6 45. a6 Kd5 46. Be1 Na7 47. Bf2 Nb5 48. a7 Nc7 49. Bb6 Na8 50. Bd8 g4+ 51. Kg3 Kc6 52. Bg5 Kb7 53. Kf4 Kxa7 54. Kxf5 g3 55. Kg4 g2 56. Be3+ 1/2-1/2

[Event "Cellavision Cup 2019"]
[Site "Lund"]
[Date "2019.08.04"]
[Round "7.4"]
[White "Blomqvist, Erik"]
[Black "Malmstig, Erik"]
[Result "0-1"]
[ECO "B28"]
[WhiteElo "2492"]
[BlackElo "2335"]
[Annotator "ChessBase"]
[PlyCount "94"]
[EventDate "2019.08.02"]
[EventType "swiss"]
[EventCountry "SWE"]
[SourceTitle "playchess.com"]
[Source "ChessBase"]
[SourceQuality "1"]
[TimeControl "900+5"]

1. e4 c5 2. Nf3 e6 3. c3 a6 4. d4 Qc7 5. Bd3 d6 6. O-O Nd7 7. Qe2 Ne7 8. Rd1 Ng6 9. a4 Be7 10. Na3 b6 11. Be3 Bb7 12. b4 O-O 13. Rab1 Nf6 14. Nd2 Bc6 15. Bc2 cxb4 16. cxb4 b5 17. Rdc1 Qd7 18. f3 bxa4 19. Ndc4 Rfb8 20. Na5 Bb5 21. Bd3 Bxd3 22. Qxd3 d5 23. e5 Ne8 24. Bd2 Rb6 25. Nc2 Rc8 26. Ra1 f6 27. f4 Qb5 28. Qe3 Nh4 29. Qf2 Nf5 30. g4 Nh6 31. h3 Qd3 32. Ra3 Qg6 33. Rc3 Rxc3 34. Bxc3 Qd3 35. Qe3 Qxe3+ 36. Nxe3 Bxb4 37. Bxb4 Rxb4 38. f5 a3 39. Ra1 exf5 40. e6 Rxd4 41. Rxa3 fxg4 42. Nc6 Re4 43. Nd8 Nc7 44. Nxd5 Nxd5 45. Rxa6 Nc7 46. Rc6 Nxe6 47. Nxe6 Kf7 0-1

[Event "Cellavision Cup 2019"]
[Site "Lund"]
[Date "2019.08.04"]
[Round "7.5"]
[White "Lindberg, Bengt"]
[Black "Olund, Joar"]
[Result "1/2-1/2"]
[ECO "B06"]
[WhiteElo "2384"]
[BlackElo "2313"]
[Annotator "NA"]
[PlyCount "76"]
[EventDate "2019.08.02"]
[EventType "swiss"]
[EventCountry "SWE"]
[SourceTitle "playchess.com"]
[Source "ChessBase"]
[SourceQuality "1"]
[TimeControl "900+5"]

1. e4 g6 2. d4 Bg7 3. Nc3 d6 4. f4 a6 5. Nf3 b5 6. Bd3 Nd7 7. e5 Nh6 8. Ne4 c5 9. c3 cxd4 10. cxd4 Nb6 11. h3 f6 12. exf6 exf6 13. O-O O-O 14. Ng3 f5 15. Bc2 Nf7 16. Bb3 Nc4 17. Qd3 Bb7 18. Bxc4 bxc4 19. Qxc4 Qb6 20. Kh2 Rac8 21. Qd3 Rfe8 22. Qd1 Bxf3 23. Rxf3 Qxd4 24. Rd3 Qc4 25. Rb3 Qc2 26. Qf1 d5 27. Be3 Qc4 28. Qd1 Bxb2 29. Rb1 d4 30. R1xb2 dxe3 31. Qf3 Qc6 32. Rxe3 Rxe3 33. Qxe3 Qc3 34. Qb6 Qc6 35. Qa5 Qd6 36. Qa4 Qc6 37. Qa5 Qd6 38. Qa4 Qc6 1/2-1/2

[Event "Cellavision Cup 2019"]
[Site "Lund"]
[Date "2019.08.04"]
[Round "7.6"]
[White "Bellon Lopez, Juan Manuel"]
[Black "Marin, Mihail"]
[Result "0-1"]
[ECO "A80"]
[WhiteElo "2335"]
[BlackElo "2525"]
[Annotator "ChessBase"]
[PlyCount "57"]
[EventDate "2019.08.02"]
[EventType "swiss"]
[EventCountry "SWE"]
[SourceTitle "playchess.com"]
[Source "ChessBase"]
[SourceQuality "1"]
[TimeControl "900+5"]

1. d4 f5 2. Nc3 Nf6 3. g4 d5 4. Bg2 fxg4 5. Bg5 c6 6. h3 Na6 7. hxg4 Bxg4 8. Bh3 Qd7 9. Qd3 Nb4 10. Qd2 Qf5 11. O-O-O O-O-O 12. a3 Na6 13. Bxf6 exf6 14. Qd3 Bxh3 15. Nxh3 Qxd3 16. cxd3 g6 17. f4 Nc7 18. Nf2 h5 19. Rdg1 g5 20. e3 gxf4 21. exf4 Ne6 22. Rg6 Rh6 23. Rxh6 Bxh6 24. Rxh5 Bxf4+ 25. Kd1 Nxd4 26. Ne2 Be5 27. Ng4 Nxe2 28. Nxe5 Nf4 29. Nf7 0-1

[Event "Cellavision Cup 2019"]
[Site "Lund"]
[Date "2019.08.04"]
[Round "7.7"]
[White "Schneider, Stefan"]
[Black "Cramling, Pia"]
[Result "1/2-1/2"]
[ECO "D35"]
[WhiteElo "2379"]
[BlackElo "2479"]
[Annotator "ChessBase"]
[PlyCount "35"]
[EventDate "2019.08.02"]
[EventType "swiss"]
[EventCountry "SWE"]
[SourceTitle "playchess.com"]
[Source "ChessBase"]
[SourceQuality "1"]
[TimeControl "900+5"]

1. d4 d5 2. c4 e6 3. Nc3 Nf6 4. cxd5 exd5 5. Bg5 c6 6. e3 Bd6 7. Bd3 O-O 8. Nf3 Re8 9. Qc2 h6 10. Bh4 a5 11. O-O Bg4 12. Nd2 g5 13. Bg3 Bxg3 14. hxg3 Qd6 15. Rfe1 Nbd7 16. a3 Kg7 17. Bf5 Bxf5 18. Qxf5 1/2-1/2

[Event "Cellavision Cup 2019"]
[Site "Lund"]
[Date "2019.08.04"]
[Round "7.8"]
[White "Hansen, Torbjorn Ringdal"]
[Black "Akesson, Ralf"]
[Result "1/2-1/2"]
[ECO "B00"]
[WhiteElo "2432"]
[BlackElo "2348"]
[Annotator "NA"]
[PlyCount "48"]
[EventDate "2019.08.02"]
[EventType "swiss"]
[EventCountry "SWE"]
[SourceTitle "playchess.com"]
[Source "ChessBase"]
[SourceQuality "1"]
[TimeControl "900+5"]

1. e4 e6 2. d4 d5 3. Nd2 dxe4 4. Nxe4 Bd7 5. Nf3 Bc6 6. Bd3 Nd7 7. O-O Ngf6 8. Ng3 Bxf3 9. Qxf3 c6 10. Re1 g6 11. c4 Bg7 12. d5 cxd5 13. cxd5 Qa5 14. Bh6 Bxh6 15. dxe6 O-O 16. exd7 Nxd7 17. Qxb7 Nc5 18. Qb5 Qxb5 19. Bxb5 Rab8 20. Bc4 Rxb2 21. Re7 Rc2 22. Bd5 Rd2 23. Bc4 Rc2 24. Bd5 Rd2 1/2-1/2

[Event "Cellavision Cup 2019"]
[Site "Lund"]
[Date "2019.08.04"]
[Round "7.9"]
[White "Seo, Jung Min"]
[Black "Ernst, Thomas"]
[Result "1/2-1/2"]
[ECO "D37"]
[WhiteElo "2399"]
[BlackElo "2335"]
[Annotator "NA"]
[PlyCount "115"]
[EventDate "2019.08.02"]
[EventType "swiss"]
[EventCountry "SWE"]
[SourceTitle "playchess.com"]
[Source "ChessBase"]
[SourceQuality "1"]
[TimeControl "900+5"]

1. d4 d5 2. c4 e6 3. Nc3 Nf6 4. Nf3 Be7 5. Bf4 O-O 6. e3 b6 7. Qc2 c5 8. dxc5 bxc5 9. Rd1 Bb7 10. Be2 Nc6 11. O-O Qb6 12. cxd5 Nb4 13. Qb1 Nbxd5 14. Nxd5 exd5 15. Ne5 Rfd8 16. Bf3 Qe6 17. Nd3 Rac8 18. Bg3 Qb6 19. Rfe1 Ne4 20. Nf4 f5 21. Qc2 g6 22. Rc1 Bf6 23. Red1 Kh8 24. Rb1 d4 25. Qc1 Ba6 26. Qc2 Bb7 27. Qe2 Re8 28. Qc4 Rcd8 29. exd4 cxd4 30. Nd3 Ba6 31. Qb4 Rc8 32. Qxb6 axb6 33. h3 Bc4 34. Ra1 Nxg3 35. fxg3 Bg8 36. Nf4 Rc2 37. Bd5 g5 38. Bxg8 gxf4 39. Bb3 Rxb2 40. gxf4 d3 41. Rab1 Bd4+ 42. Kh2 Rxb1 43. Rxb1 d2 44. Rd1 Bc3 45. g4 Re1 46. Kg3 Kg7 47. Kh4 Kf6 48. Bc2 Bb4 49. Kh5 Rxd1 50. Bxd1 Bd6 51. Bc2 Bxf4 52. gxf5 Ke5 53. Kg4 Bh6 54. Kf3 Bg5 55. Ke2 h6 56. Kd1 Kd4 57. f6 Bxf6 58. Kxd2 1/2-1/2

[Event "Cellavision Cup 2019"]
[Site "Lund"]
[Date "2019.08.04"]
[Round "7.10"]
[White "Jakobsen, Peter"]
[Black "Kristiansen, Jens"]
[Result "0-1"]
[ECO "B22"]
[WhiteElo "2250"]
[BlackElo "2400"]
[Annotator "NA"]
[PlyCount "114"]
[EventDate "2019.08.02"]
[EventType "swiss"]
[EventCountry "SWE"]
[SourceTitle "playchess.com"]
[Source "ChessBase"]
[SourceQuality "1"]
[TimeControl "900+5"]

1. e4 c5 2. c3 d6 3. d4 Nf6 4. Bd3 cxd4 5. cxd4 g6 6. Nf3 Bg7 7. O-O O-O 8. h3 Nc6 9. Nc3 e5 10. dxe5 dxe5 11. Bc4 Qa5 12. Bd2 Qb4 13. b3 h6 14. a3 Qe7 15. b4 Be6 16. Bxe6 Qxe6 17. Re1 Rfd8 18. Qc1 Nd4 19. Nxd4 exd4 20. Nd5 Rac8 21. Nxf6+ Bxf6 22. Qd1 Bg7 23. Rc1 Qa2 24. a4 d3 25. Rxc8 Rxc8 26. Be3 Bc3 27. Rf1 d2 28. Qg4 Rd8 29. Bxh6 Qxa4 30. Rd1 Qxb4 31. Bg5 Rd4 32. Bf6 Rc4 33. Bxc3 Qxc3 34. Qg5 Rxe4 35. Qd8+ Kg7 36. Rxd2 Re1+ 37. Kh2 Qe5+ 38. g3 Qe4 39. Qd4+ Qxd4 40. Rxd4 a5 41. Ra4 b6 42. Kg2 Rb1 43. Kf3 Kf6 44. Ke3 Rb3+ 45. Ke2 Ke5 46. h4 f5 47. f3 Rb4 48. Ra1 a4 49. Ke3 Rb3+ 50. Ke2 a3 51. g4 b5 52. h5 fxg4 53. fxg4 gxh5 54. gxh5 b4 55. h6 Rh3 56. Kd2 Kd4 57. Kc2 b3+ 0-1

[Event "Cellavision Cup 2019"]
[Site "Lund"]
[Date "2019.08.04"]
[Round "7.11"]
[White "Silseth, Simon"]
[Black "Jepson, Christian"]
[Result "1-0"]
[ECO "D51"]
[WhiteElo "2264"]
[BlackElo "2391"]
[Annotator "NA"]
[PlyCount "61"]
[EventDate "2019.08.02"]
[EventType "swiss"]
[EventCountry "SWE"]
[SourceTitle "playchess.com"]
[Source "ChessBase"]
[SourceQuality "1"]
[TimeControl "900+5"]

1. c4 e6 2. d4 d5 3. Nc3 Nf6 4. Bg5 Nbd7 5. e3 c6 6. cxd5 exd5 7. Bd3 Be7 8. Qc2 Nh5 9. Bxe7 Qxe7 10. Nf3 Nf4 11. O-O Nxd3 12. Qxd3 O-O 13. a3 Nb6 14. Nd2 Be6 15. b4 a6 16. a4 Rfe8 17. b5 cxb5 18. axb5 a5 19. Nb3 Nc4 20. b6 Rec8 21. Nc5 Rc6 22. Rfe1 Rxb6 23. e4 dxe4 24. Rxe4 Nd6 25. Nd5 Qd8 26. Nxe6 fxe6 27. Nxb6 Qxb6 28. Rxe6 Qc7 29. Qg3 Rd8 30. Qe5 Qc3 31. Rf1 1-0

[Event "Cellavision Cup 2019"]
[Site "Lund"]
[Date "2019.08.04"]
[Round "7.12"]
[White "Brondt, Nicolai Kvist"]
[Black "Smith, Axel"]
[Result "0-1"]
[ECO "A50"]
[WhiteElo "2288"]
[BlackElo "2469"]
[Annotator "ChessBase"]
[PlyCount "110"]
[EventDate "2019.08.02"]
[EventType "swiss"]
[EventCountry "SWE"]
[SourceTitle "playchess.com"]
[Source "ChessBase"]
[SourceQuality "1"]
[TimeControl "900+5"]

1. d4 Nf6 2. c4 a6 3. Nc3 c5 4. Nf3 e6 5. Bg5 cxd4 6. Nxd4 Be7 7. e3 b6 8. Be2 Bb7 9. O-O O-O 10. Rc1 Qc7 11. Bf3 Nc6 12. Nxc6 dxc6 13. Qc2 Ng4 14. Bf4 Ne5 15. Bxe5 Qxe5 16. Rfd1 Qc7 17. Na4 c5 18. Bxb7 Qxb7 19. Qb3 Qc6 20. Rd2 Rab8 21. Qc2 g6 22. b3 Rfd8 23. Rcd1 Rxd2 24. Rxd2 b5 25. Nb2 Bf6 26. Nd3 Rd8 27. Nb2 Rxd2 28. Qxd2 Bxb2 29. Qxb2 Qe4 30. Qc1 bxc4 31. bxc4 h5 32. g3 Qd3 33. h4 a5 34. a3 a4 35. Kg2 Kh7 36. Kg1 e5 37. Kg2 Kg8 38. Kg1 Kg7 39. Kg2 Kh6 40. Kg1 Kg7 41. Kg2 Kf6 42. Kg1 Kf5 43. Kh2 Qe2 44. Kg2 Kg4 45. Kg1 Kf3 46. Qf1 Qxf1+ 47. Kxf1 f6 48. Ke1 g5 49. Kf1 gxh4 50. gxh4 e4 51. Ke1 Kg4 52. Ke2 Kxh4 53. f3 f5 54. Kf2 Kh3 55. fxe4 fxe4 0-1

[Event "Cellavision Cup 2019"]
[Site "Lund"]
[Date "2019.08.04"]
[Round "7.13"]
[White "Svensson, Mikael"]
[Black "Dourerassou, Jonathan"]
[Result "0-1"]
[ECO "A48"]
[WhiteElo "2147"]
[BlackElo "2477"]
[Annotator "ChessBase"]
[PlyCount "56"]
[EventDate "2019.08.02"]
[EventType "swiss"]
[EventCountry "SWE"]
[SourceTitle "playchess.com"]
[Source "ChessBase"]
[SourceQuality "1"]
[TimeControl "900+5"]

1. d4 Nf6 2. Nf3 g6 3. Nbd2 d5 4. b4 a5 5. b5 Bg7 6. Bb2 a4 7. a3 Nbd7 8. e3 O-O 9. c4 c6 10. Rb1 cxb5 11. c5 e5 12. Bxb5 Qa5 13. Ba1 exd4 14. exd4 Re8+ 15. Be2 Ne4 16. Rb4 Nxd2 17. Qxd2 Nxc5 18. dxc5 Bxa1 19. O-O Bf6 20. Bb5 Re4 21. Rfb1 Bf5 22. Bd3 Qxc5 23. Rc1 Qe7 24. Bxe4 dxe4 25. Nd4 Bg5 26. Nxf5 gxf5 27. f4 exf3 28. Qe1 Qe3+ 0-1

[Event "Cellavision Cup 2019"]
[Site "Lund"]
[Date "2019.08.04"]
[Round "7.14"]
[White "Unmack, Christian"]
[Black "Rostgaard, Tobias Valentin"]
[Result "1-0"]
[ECO "E71"]
[WhiteElo "2133"]
[BlackElo "2390"]
[Annotator "NA"]
[PlyCount "64"]
[EventDate "2019.08.02"]
[EventType "swiss"]
[EventCountry "SWE"]
[SourceTitle "playchess.com"]
[Source "ChessBase"]
[SourceQuality "1"]
[TimeControl "900+5"]

1. d4 Nf6 2. c4 g6 3. Nc3 Bg7 4. e4 d6 5. h3 O-O 6. Nf3 e5 7. d5 a5 8. g4 Na6 9. g5 Nh5 10. h4 f5 11. gxf6 Qxf6 12. Be2 Bg4 13. Bg5 Qf7 14. Nh2 Qxf2+ 15. Kd2 Bxe2 16. Nxe2 Ng3 17. Ng4 Nxe4+ 18. Kc1 Qf3 19. Rg1 h5 20. Nh2 Qh3 21. Nf1 Nxg5 22. hxg5 Nc5 23. Neg3 h4 24. Rh1 Rxf1 25. Rxh3 Rxd1+ 26. Kxd1 hxg3 27. Rxg3 e4 28. Kc2 Rf8 29. Rg2 e3 30. Re1 Rf2+ 31. Re2 Bd4 32. Kd1 Nd3 1-0

[Event "Cellavision Cup 2019"]
[Site "Lund"]
[Date "2019.08.04"]
[Round "7.15"]
[White "Solozhenkina, Elizaveta"]
[Black "Ask, Josef"]
[Result "0-1"]
[ECO "A05"]
[WhiteElo "2324"]
[BlackElo "2149"]
[Annotator "NA"]
[PlyCount "98"]
[EventDate "2019.08.02"]
[EventType "swiss"]
[EventCountry "SWE"]
[SourceTitle "playchess.com"]
[Source "ChessBase"]
[SourceQuality "1"]
[TimeControl "900+5"]

1. Nf3 Nf6 2. g3 g6 3. d4 Bg7 4. Bg2 O-O 5. O-O d6 6. Nc3 Nbd7 7. Re1 c6 8. a4 e5 9. e4 Qc7 10. h3 Re8 11. a5 Rb8 12. Be3 b5 13. axb6 axb6 14. d5 b5 15. dxc6 Qxc6 16. Nd2 b4 17. Nd5 Nxd5 18. exd5 Qc7 19. Nb3 Nb6 20. Na5 Nc4 21. Nxc4 Qxc4 22. Bf1 Qc7 23. Qd2 Bf5 24. Rec1 Rec8 25. g4 Bd7 26. Ra7 Rb7 27. Rca1 Rcb8 28. Qd3 f5 29. Rxb7 Rxb7 30. Ra8+ Kf7 31. gxf5 Bxf5 32. Qa6 Bd7 33. b3 Bf6 34. Kh2 e4 35. Kg1 Be5 36. Bg5 Bd4 37. Bc4 Bxh3 38. Bb5 Kg7 39. Bc6 Ra7 40. Qc4 Qb6 41. Kh2 Bf5 42. Bd8 Qc5 43. Rxa7+ Qxa7 44. Qxb4 Bxf2 45. Qxd6 Qe3 46. Qf6+ Kh6 47. Qg5+ Qxg5 48. Bxg5+ Kxg5 49. d6 Kf6 0-1